[ AOE2 MATCH · #507165318 ]
UnrankedMalay vs Mongols
Player's team · WIN
Rival team · LOSS
[ REPLAY ANALYSIS · EXTRACTED FROM THE RECORDED GAME ]
Feudal
11:47
Castle
21:46
Imperial
35:42
| APM avg | 62.6 |
| APM peak | 95 |
| eAPM avg | 27.7 |
| Villagers / military | 112 / 87 |
Focus
⚔️ 37.4% · 🌾 62.6%
Cavalry Archer ×42 · Skirmisher ×22 · Militia ×11 · Battle Elephant ×8 · Monk ×3 · Trebuchet (Packed) ×1
Feudal
8:53
Castle
21:26
Imperial
—
| APM avg | 74.0 |
| APM peak | 123 |
| eAPM avg | 28.8 |
| Villagers / military | 124 / 57 |
Focus
⚔️ 38.7% · 🌾 61.3%
Mangudai ×18 · Archer ×10 · Knight ×8 · Steppe Lancer ×7 · Monk ×5 · Militia ×4
Match map
Initial resources + every placement click. Lines = walls · curves = elevation contours. ◆ gold · ⬟ stone · ● berries · ✦ relic · ◌ wall gap
Your base· ✓ Closed at 21:46 · 56t walls · 1 gate(s)
ThunderboltX's base· Open — 11t gap
Smoothed initial terrain · ◌ = detected wall gap · hover for details
Inputs per minute
— TAG_MbL_ - - ThunderboltX
Build order — TAG_MbL_
First 150 of 341 actions detected
| 0:00 | Queue | Villager (Male) ×4 |
| 0:01 | Build | House |
| 0:02 | Build | House |
| 1:22 | Build | Lumber Camp |
| 1:23 | Queue | Villager (Male) |
| 1:36 | Queue | Villager (Male) |
| 2:14 | Queue | Villager (Male) |
| 2:38 | Queue | Villager (Male) |
| 2:57 | Queue | Villager (Male) |
| 3:32 | Queue | Villager (Male) |
| 3:51 | Build | House |
| 4:00 | Queue | Villager (Male) |
| 4:19 | Build | Barracks |
| 4:26 | Build | Palisade Wall |
| 4:27 | Build | Palisade Wall |
| 4:31 | Queue | Villager (Male) |
| 4:44 | Queue | Villager (Male) |
| 4:52 | Queue | Villager (Male) |
| 5:27 | Queue | Militia |
| 5:35 | Build | House |
| 5:39 | Queue | Villager (Male) |
| 6:04 | Queue | Villager (Male) |
| 6:06 | Build | Mill |
| 6:17 | Research | Loom |
| 6:24 | Queue | Militia |
| 6:31 | Queue | Villager (Male) |
| 6:40 | Queue | Villager (Male) |
| 6:59 | Build | Mining Camp |
| 7:07 | Queue | Villager (Male) |
| 7:16 | Queue | Villager (Male) |
| 7:27 | Build | House |
| 7:52 | Queue | Militia |
| 7:53 | Queue | Villager (Male) |
| 7:55 | Build | House |
| 8:00 | Queue | Villager (Male) |
| 8:09 | Queue | Villager (Male) |
| 8:19 | Queue | Militia |
| 8:26 | Queue | Villager (Male) |
| 8:40 | Build | Mill |
| 8:48 | Queue | Militia |
| 9:06 | Queue | Villager (Male) |
| 9:07 | Queue | Villager (Male) |
| 9:18 | Queue | Militia |
| 9:23 | Queue | Villager (Male) |
| 9:46 | Queue | Militia |
| 9:48 | Build | Lumber Camp |
| 9:57 | Queue | Villager (Male) |
| 10:29 | Research | Feudal Age |
| 10:53 | Queue | Militia |
| 10:56 | Queue | Militia |
| 10:59 | Build | Farm |
| 10:59 | Build | Farm |
| 11:10 | Build | Farm |
| 11:15 | Build | House |
| 11:20 | Build | House |
| 11:20 | Build | House |
| 11:30 | Queue | Villager (Male) |
| 11:47 | Age | Feudal Age |
| 11:50 | Research | Man-at-Arms (upgrade) |
| 11:50 | Research | Man-at-Arms (upgrade) |
| 11:58 | Queue | Villager (Male) |
| 12:03 | Build | Archery Range |
| 12:12 | Build | House |
| 12:22 | Build | Palisade Wall |
| 12:24 | Queue | Villager (Male) |
| 12:26 | Build | Palisade Wall |
| 12:27 | Build | Palisade Wall |
| 12:28 | Build | Palisade Wall |
| 12:39 | Queue | Villager (Male) |
| 12:46 | Queue | Skirmisher |
| 12:46 | Queue | Skirmisher |
| 12:56 | Queue | Villager (Male) |
| 13:01 | Queue | Skirmisher |
| 13:16 | Build | Farm |
| 13:17 | Build | Farm |
| 13:31 | Build | House |
| 13:31 | Build | Palisade Wall |
| 13:36 | Queue | Skirmisher |
| 13:37 | Queue | Skirmisher |
| 13:39 | Build | Palisade Wall |
| 13:39 | Build | Palisade Wall |
| 13:43 | Build | Palisade Gate |
| 13:44 | Build | Palisade Wall |
| 13:45 | Build | Palisade Wall |
| 13:48 | Queue | Villager (Male) |
| 13:52 | Build | Palisade Wall |
| 14:01 | Build | Palisade Wall |
| 14:08 | Queue | Skirmisher |
| 14:08 | Queue | Skirmisher |
| 14:10 | Queue | Villager (Male) |
| 14:31 | Build | Farm |
| 14:37 | Build | Farm |
| 14:37 | Queue | Villager (Male) |
| 14:53 | Build | Farm |
| 14:57 | Queue | Villager (Male) |
| 14:58 | Build | Farm |
| 15:06 | Queue | Skirmisher |
| 15:10 | Queue | Villager (Male) |
| 15:15 | Build | House |
| 15:18 | Build | Farm |
| 15:23 | Queue | Skirmisher |
| 15:33 | Build | Palisade Wall |
| 15:33 | Build | Palisade Wall |
| 15:36 | Queue | Villager (Male) |
| 15:37 | Build | Farm |
| 15:51 | Build | Farm |
| 15:55 | Build | Farm |
| 16:04 | Queue | Skirmisher |
| 16:15 | Queue | Villager (Male) |
| 16:28 | Build | Blacksmith |
| 16:32 | Queue | Villager (Male) |
| 16:43 | Research | Double-Bit Axe |
| 16:47 | Queue | Skirmisher |
| 17:00 | Research | Horse Collar |
| 17:01 | Queue | Villager (Male) |
| 17:13 | Research | Fletching |
| 17:18 | Build | Farm |
| 17:26 | Research | Arson |
| 17:33 | Queue | Villager (Male) |
| 17:35 | Research | Padded Archer Armor |
| 17:39 | Build | Farm |
| 17:41 | Build | Farm |
| 17:46 | Queue | Villager (Male) |
| 17:48 | Build | House |
| 17:53 | Build | Farm |
| 18:03 | Queue | Villager (Male) |
| 18:05 | Queue | Villager (Male) |
| 18:44 | Queue | Villager (Male) |
| 18:47 | Build | Market |
| 19:00 | Queue | Skirmisher |
| 19:00 | Queue | Skirmisher |
| 19:19 | Build | Archery Range |
| 19:35 | Build | Farm |
| 19:45 | Queue | Villager (Male) |
| 19:48 | Build | Farm |
| 20:03 | Queue | Skirmisher |
| 20:07 | Research | Castle Age |
| 20:16 | Queue | Skirmisher |
| 20:16 | Queue | Skirmisher |
| 20:16 | Queue | Skirmisher |
| 20:26 | Queue | Militia |
| 20:33 | Build | House |
| 20:35 | Queue | Skirmisher |
| 20:35 | Queue | Skirmisher |
| 20:35 | Queue | Skirmisher |
| 20:45 | Build | Farm |
| 21:05 | Queue | Skirmisher |
| 21:08 | Research | Forging |
| 21:23 | Queue | Militia |
| 21:32 | Build | Farm |
Build order — ThunderboltX
First 150 of 319 actions detected
| 0:00 | Queue | Villager (Male) |
| 0:01 | Build | House |
| 0:02 | Build | House |
| 0:10 | Queue | Villager (Male) |
| 0:10 | Queue | Villager (Male) |
| 0:10 | Queue | Villager (Male) |
| 1:26 | Queue | Villager (Male) |
| 1:45 | Build | Lumber Camp |
| 1:58 | Queue | Villager (Male) |
| 2:13 | Queue | Villager (Male) |
| 2:29 | Queue | Villager (Male) |
| 2:47 | Queue | Villager (Male) |
| 3:03 | Build | House |
| 3:14 | Queue | Villager (Male) |
| 3:31 | Queue | Villager (Male) |
| 3:42 | Build | House |
| 3:49 | Queue | Villager (Male) |
| 4:43 | Queue | Villager (Male) |
| 4:53 | Build | Barracks |
| 5:04 | Queue | Villager (Male) |
| 5:24 | Build | House |
| 5:26 | Build | Palisade Wall |
| 5:36 | Research | Loom |
| 6:07 | Queue | Villager (Male) |
| 6:17 | Build | Mill |
| 6:21 | Queue | Militia |
| 6:43 | Research | Feudal Age |
| 7:01 | Queue | Militia |
| 7:14 | Queue | Militia |
| 7:37 | Queue | Militia |
| 8:08 | Queue | Villager (Male) |
| 8:21 | Queue | Villager (Male) |
| 8:53 | Age | Feudal Age |
| 8:55 | Research | Double-Bit Axe |
| 8:57 | Queue | Villager (Male) |
| 9:06 | Queue | Villager (Male) |
| 9:09 | Build | Archery Range |
| 9:32 | Build | Mining Camp |
| 9:47 | Queue | Villager (Male) |
| 10:04 | Queue | Archer |
| 10:05 | Queue | Villager (Male) |
| 10:26 | Queue | Archer |
| 10:28 | Queue | Villager (Male) |
| 10:40 | Build | Mill |
| 11:09 | Queue | Archer |
| 11:13 | Build | House |
| 11:24 | Queue | Archer |
| 11:25 | Queue | Villager (Male) |
| 11:27 | Build | Farm |
| 11:34 | Build | House |
| 11:38 | Build | Palisade Wall |
| 12:00 | Queue | Villager (Male) |
| 12:01 | Build | Blacksmith |
| 12:05 | Build | House |
| 12:07 | Queue | Archer |
| 12:12 | Build | Palisade Wall |
| 12:16 | Build | Palisade Gate |
| 12:19 | Queue | Villager (Male) |
| 12:33 | Build | Farm |
| 12:35 | Build | Farm |
| 12:45 | Build | Palisade Wall |
| 12:49 | Queue | Archer |
| 12:50 | Queue | Villager (Male) |
| 12:57 | Build | Farm |
| 13:06 | Research | Fletching |
| 13:07 | Queue | Villager (Male) |
| 13:18 | Queue | Villager (Male) |
| 13:24 | Build | House |
| 13:33 | Queue | Skirmisher |
| 13:35 | Queue | Villager (Male) |
| 13:37 | Build | Farm |
| 13:43 | Build | Farm |
| 13:50 | Build | Farm |
| 13:58 | Build | House |
| 14:00 | Queue | Villager (Male) |
| 14:13 | Build | Farm |
| 14:23 | Queue | Archer |
| 14:34 | Build | House |
| 14:35 | Build | House |
| 14:45 | Queue | Skirmisher |
| 14:46 | Queue | Villager (Male) |
| 14:54 | Queue | Skirmisher |
| 14:55 | Research | Padded Archer Armor |
| 15:07 | Build | Lumber Camp |
| 15:18 | Queue | Archer |
| 15:26 | Queue | Villager (Male) |
| 15:38 | Build | Farm |
| 15:41 | Queue | Villager (Male) |
| 15:55 | Build | Farm |
| 16:04 | Research | Wheelbarrow |
| 16:12 | Queue | Archer |
| 16:24 | Build | House |
| 16:28 | Build | Farm |
| 16:33 | Queue | Skirmisher |
| 16:47 | Build | House |
| 16:54 | Build | Farm |
| 17:26 | Build | Farm |
| 17:29 | Build | Farm |
| 17:30 | Build | Farm |
| 17:39 | Queue | Villager (Male) |
| 17:56 | Build | Palisade Wall |
| 18:13 | Build | House |
| 18:16 | Build | House |
| 18:17 | Queue | Villager (Male) |
| 18:46 | Research | Castle Age |
| 18:56 | Build | House |
| 19:12 | Build | Stable |
| 19:15 | Build | Stable |
| 19:25 | Research | Scale Barding Armor |
| 20:04 | Queue | Archer |
| 20:10 | Research | Bloodlines |
| 20:20 | Research | Horse Collar |
| 20:45 | Queue | Villager (Male) |
| 21:01 | Build | Farm |
| 21:01 | Build | Farm |
| 21:06 | Build | House |
| 21:08 | Build | House |
| 21:26 | Age | Castle Age |
| 21:27 | Queue | Knight |
| 21:27 | Queue | Knight |
| 21:29 | Research | Bow Saw |
| 21:37 | Build | Town Center |
| 21:41 | Queue | Knight |
| 21:41 | Queue | Knight |
| 21:46 | Queue | Villager (Male) |
| 21:58 | Research | Gold Mining |
| 22:02 | Queue | Knight |
| 22:16 | Build | Town Center |
| 22:24 | Queue | Villager (Male) |
| 22:32 | Queue | Villager (Male) |
| 22:43 | Queue | Steppe Lancer |
| 22:48 | Queue | Steppe Lancer |
| 22:56 | Queue | Villager (Male) |
| 22:58 | Build | Farm |
| 23:00 | Build | Farm |
| 23:04 | Build | Farm |
| 23:05 | Build | Farm |
| 23:19 | Queue | Villager (Male) |
| 23:19 | Queue | Villager (Male) |
| 23:36 | Queue | Villager (Male) |
| 23:38 | Queue | Villager (Male) |
| 23:40 | Build | Farm |
| 23:42 | Build | Farm |
| 23:44 | Queue | Villager (Male) |
| 23:50 | Queue | Villager (Male) |
| 24:01 | Build | House |
| 24:02 | Build | House |
| 24:03 | Build | Palisade Wall |
| 24:06 | Queue | Villager (Male) |
| 24:07 | Queue | Villager (Male) |
Match timeline
| 4:19 | TAG_MbL_ · first_building Barracks |
| 4:26 | TAG_MbL_ · wall_segment Palisade Wall x1 |
| 4:27 | TAG_MbL_ · wall_segment Palisade Wall x1 |
| 4:53 | ThunderboltX · first_building Barracks |
| 5:26 | ThunderboltX · wall_segment Palisade Wall x8 |
| 8:53 | ThunderboltX · age_up feudal |
| 9:09 | ThunderboltX · first_building Archery Range |
| 11:38 | ThunderboltX · wall_segment Palisade Wall x8 |
| 11:47 | TAG_MbL_ · age_up feudal |
| 12:03 | TAG_MbL_ · first_building Archery Range |
| 12:12 | ThunderboltX · wall_segment Palisade Wall x3 |
| 12:22 | TAG_MbL_ · wall_segment Palisade Wall x11 |
| 12:26 | TAG_MbL_ · wall_segment Palisade Wall x3 |
| 12:27 | TAG_MbL_ · wall_segment Palisade Wall x1 |
| 12:28 | TAG_MbL_ · wall_segment Palisade Wall x5 |
| 12:45 | ThunderboltX · wall_segment Palisade Wall x12 |
| 13:31 | TAG_MbL_ · wall_segment Palisade Wall x1 |
| 13:39 | TAG_MbL_ · wall_segment Palisade Wall x1 |
| 13:39 | TAG_MbL_ · wall_segment Palisade Wall x1 |
| 13:44 | TAG_MbL_ · wall_segment Palisade Wall x3 |
| 13:45 | TAG_MbL_ · wall_segment Palisade Wall x7 |
| 13:52 | TAG_MbL_ · wall_segment Palisade Wall x1 |
| 14:01 | TAG_MbL_ · wall_segment Palisade Wall x14 |
| 15:33 | TAG_MbL_ · wall_segment Palisade Wall x5 |
| 15:33 | TAG_MbL_ · wall_segment Palisade Wall x1 |
| 17:56 | ThunderboltX · wall_segment Palisade Wall x1 |
| 19:12 | ThunderboltX · first_building Stable |
| 19:49 | TAG_MbL_ · first_market_sell 500 stone |
| 19:49 | TAG_MbL_ · first_market_buy 500 food |
| 21:26 | ThunderboltX · age_up castle |
| 21:46 | TAG_MbL_ · age_up castle |
| 21:46 | TAG_MbL_ · first_building Stable |
| 24:03 | ThunderboltX · wall_segment Palisade Wall x1 |
| 24:55 | ThunderboltX · first_building Monastery |
| 25:32 | TAG_MbL_ · first_building Monastery |
| 26:47 | ThunderboltX · first_building Siege Workshop |
| 26:55 | ThunderboltX · first_market_buy 100 food |
| 30:02 | ThunderboltX · first_building Castle |
| 35:14 | TAG_MbL_ · first_building Castle |
| 35:42 | TAG_MbL_ · age_up imperial |
| 36:01 | ThunderboltX · first_market_sell 100 wood |
| 37:08 | ThunderboltX · resign |
[ AI ANALYSIS · 1 CREDIT ]
What really happened in this match?
Wolo.gg analyzes every decision: build order, eco, micro, common mistakes by bracket. Personalized analysis on WhatsApp or Discord in 30 seconds.
Civ guide
Malay
Perfil
Jugador #251265